 Dungeon Crawl Stone Soup version 0.27-a0-1579-g97d2440184 (webtiles) character file.

Game seed: 8437919760339554559

332 Ge0ff the Conjurer (level 6, -1/43 HPs)
             Began as a Formicid Hedge Wizard on July 17, 2021.
             Killed by divine providence
             ... invoked by an orc priest
              (13 damage)
             ... on level 4 of the Dungeon.
             The game lasted 00:15:37 (4133 turns).

Ge0ff the Conjurer (Formicid Hedge Wizard)          Turns: 4133, Time: 00:15:38

Health: -1/43      AC:  2    Str: 14    XL:     6   Next: 82%
Magic:  5/12       EV: 12    Int: 16    God:
Gold:   174        SH:  0    Dex: 10    Spells: 7/13 levels left

rFire    . . .     SeeInvis +   a - +1 dagger (venom)
rCold    . . .     Faith    .   (no shield)
rNeg     . . .     Spirit   .   b - +0 robe
rPois    .         Reflect  .   (helmet unavailable)
rElec    .         Harm     .   (no cloak)
rCorr    .         Rampage  .   (no gloves)
Will     +....                  (no boots)
Stlth    ++........             (no amulet)
HPRegen  0.14/turn              O - ring of willpower {=R}
MPRegen  0.13/turn              (no ring)

@: no status effects
A: permanent stasis, dig shafts and tunnels, antennae 3, four strong arms
a: Dig, Shaft Self


You were on level 4 of the Dungeon.
You visited 1 branch of the dungeon, and saw 4 of its levels.

You collected 174 gold pieces.

Inventory:

Hand Weapons
 a - a +1 dagger of venom (weapon)
 c - a +0 spear
 l - a +0 halberd
 L - a +0 trident
 V - a +0 spear
Missiles
 e - 106 stones
 g - 2 throwing nets {=f}
 U - 13 poisoned darts (quivered)
Armour
 b - a +0 robe (worn)
 f - a +0 leather armour
 P - a +0 scale mail
Jewellery
 O - a ring of willpower (left hand) {=R}
Wands
 k - a wand of iceblast (9)
Scrolls
 h - a scroll of torment
 m - a scroll of teleportation {unknown}
 n - a scroll of enchant weapon
 J - a scroll of silence {!r}
 N - a scroll of brand weapon {unknown}
 T - a scroll of enchant armour {unknown}
Potions
 z - 3 potions of brilliance
 K - 2 potions of curing {unknown}
 M - 2 potions of mutation {unknown}
 Q - a potion of flight {unknown}
 R - 2 potions of lignification {unknown}
 S - a potion of haste {unknown}
 W - a potion of cancellation {unknown}
 X - a potion of invisibility {unknown}


   Skills:
 + Level 1.1 Fighting
 - Level 2.0 Dodging
 - Level 3.0 Stealth
 - Level 4.0 Spellcasting
 * Level 4.6 Conjurations
 + Level 2.1 Summonings
 - Level 0.8 Translocations
 + Level 0.2 Air Magic
 + Level 0.6 Poison Magic


You had 7 spell levels left.
You knew the following spells:

 Your Spells              Type           Power      Damage    Failure   Level
f - Mephitic Cloud        Conj/Pois/Air  9%         N/A       24%         3
k - Magic Dart            Conj           68%        1d6       2%          1
s - Call Imp              Summ           10%        N/A       11%         2

Your spell library contained the following spells:

 Spells                   Type           Power      Damage    Failure   Level
 Conjure Flame            Conj/Fire      10%        6-21      21%         3
 Slow                     Hex            3%         N/A       26%         2
 Confusing Touch          Hex            3%         N/A       45%         3
 Vampiric Draining        Necr           1%         2d6       45%         3
 Blink                    Tloc           Unusable   N/A       N/A         2

Dungeon Overview and Level Annotations

Branches:
Dungeon (4/15)
 Temple: D:4-7

Altars:

Annotations:
D:1 exclusions: downstairs and necrophage
D:2 exclusion: upstairs
D:4 exclusion: ice beast


Innate Abilities, Weirdness & Mutations

You cannot be hasted, slowed, berserked, paralysed or teleported.
You can dig through walls and to a lower floor.
You have a pair of large antennae on your head. (SInv)
Your four strong arms can wield two-handed weapons with a shield.


Message History

Casting: Magic Dart (safe; 2% risk of failure)
Confirm with . or Enter, or press ? or * to list all spells.
Aiming: Magic Dart (safe; 2% risk of failure)
Press: ? - help, Shift-Dir - straight line, f/p - orc priest
Aim: an orc priest, wielding a +0 whip (almost dead, 100% to hit)
The magic dart hits the orc priest.
You kill the orc priest!
The orc priest invokes the aid of Beogh against you.
You resist with some effort.
Your magical contamination has completely faded away.
You start resting.
The orc priest invokes the aid of Beogh against you.
Beogh smites you!
You start resting.
An orc priest is nearby!
You hit the orc priest.
The orc priest is poisoned.
The orc priest is lightly wounded.
The orc priest misses you.
You closely miss the orc priest.
The orc priest is lightly wounded.
The orc priest calls down the wrath of Beogh upon you.
Beogh smites you!
Casting: Magic Dart (safe; 2% risk of failure)
Confirm with . or Enter, or press ? or * to list all spells.
Aiming: Magic Dart (safe; 2% risk of failure)
Press: ? - help, Shift-Dir - straight line, f - orc priest
Aim: an orc priest, wielding a +0 short sword (moderately wounded, poisoned, 100% to hit)
The magic dart hits the orc priest but does no damage.
The orc priest is moderately wounded.
The orc priest looks encouraged for a moment.
Casting: Magic Dart (safe; 2% risk of failure)
Confirm with . or Enter, or press ? or * to list all spells.
Aiming: Magic Dart (safe; 2% risk of failure)
Press: ? - help, Shift-Dir - straight line, f/p - orc priest
Aim: an orc priest, wielding a +0 short sword (moderately wounded, poisoned, 100% to hit)
The magic dart hits the orc priest but does no damage.
The orc priest is moderately wounded.
The orc priest mumbles some strange prayers to Beogh against you.
Beogh smites you!
* * * LOW HITPOINT WARNING * * *
Casting: Magic Dart (safe; 2% risk of failure)
Confirm with . or Enter, or press ? or * to list all spells.
Aiming: Magic Dart (safe; 2% risk of failure)
Press: ? - help, Shift-Dir - straight line, f/p - orc priest
Aim: an orc priest, wielding a +0 short sword (moderately wounded, poisoned, 100% to hit)
The magic dart hits the orc priest.
The orc priest is severely wounded.
The orc priest mumbles some strange prayers to Beogh against you.
Beogh smites you!
You die...

.######.##
.........#
.######..# ##..#
#...#### #.#....#
############
#.####.#
..o...).##o## #.#
#.# #.#.#@###.#
#.#
########.o###.##.#
#.# ....?....##
##.#.####.#
#######.##
##.......# ##.#
##.########
..###.## ##.#.##
#.## #.#


You could see an orc priest (poisoned).

Vanquished Creatures
  A sky beast (D:3)
  A hound (D:3)
  An orc priest (D:4)
  A killer bee zombie (D:3)
  A hound skeleton (D:4)
  A gnoll (D:1)
  3 adders
  A worm (D:3)
  A dart slug (D:2)
  5 ball pythons
  6 bats
  3 endoplasms
  4 giant cockroaches
  9 goblins
  7 hobgoblins
  2 jackals (D:3)
  2 quokkas (D:1)
  2 frilled lizards (D:1)
  A kobold (D:2)
  3 rats
  2 butterflies (D:3)
57 creatures vanquished.

Vanquished Creatures (collateral kills)
  A scorpion (D:2)
  3 gnolls (D:2)
  A worm (D:2)
5 creatures vanquished.

Grand Total: 62 creatures vanquished

Notes
Turn   | Place    | Note
-------+----------+-------------------------------------------
     0 | D:1      | Ge0ff the Formicid Hedge Wizard began the quest for the
                  | Orb.
     0 | D:1      | Reached XP level 1. HP: 13/13 MP: 4/4
    17 | D:1      | Reached skill level 1 in Conjurations
   328 | D:1      | Reached XP level 2. HP: 19/19 MP: 3/6
   370 | D:1      | Learned a level 2 spell: Call Imp
   774 | D:1      | Reached XP level 3. HP: 24/24 MP: 2/7
  1320 | D:2      | Noticed a necrophage
  1544 | D:2      | Found a faded altar of an unknown god.
  1847 | D:2      | Reached XP level 4. HP: 29/31 MP: 3/8
  1910 | D:2      | Reached skill level 1 in Fighting
  2543 | D:2      | Noticed a scorpion
  2589 | D:2      | Killed a scorpion
  2590 | D:2      | Reached XP level 5. HP: 31/37 MP: 1/10
  3103 | D:3      | Noticed a sky beast
  3115 | D:3      | Killed a sky beast
  3116 | D:3      | Reached XP level 6. HP: 27/43 MP: 9/12
  3238 | D:3      | Learned a level 3 spell: Mephitic Cloud
  4097 | D:4      | Noticed an ice beast
  4133 | D:4      | Killed from afar by an orc priest

Illustrated notes

Levels and vault maps discovered:
D:1:      shiori_arrival_oz, layout_basic
D:2:      layout_basic, hellmonk_ecumenical_altar_run_dry, minmay_unequal
D:3:      layout_loops_ring, serial_aquarium, aquarium_bridge_square
          [aquarium_subvault_bridge, aquarium_subvault_bridge,
          aquarium_subvault_bridge, aquarium_subvault_bridge],
          aquarium_window_corridor_3, aquarium_window_1, aquarium_view_2d,
          aquarium_view_2b
D:4:      layout_loops_ring, lemuel_blue_sif_altar,
          minmay_temple_entry_enclosed_plants

Skill      XL: |  1  2  3  4  5 |
---------------+----------------+-----
Conjurations   | 1 2 3 4 |  4.6
Fighting       | 1 |  1.1
Dodging        | 2 |  2.0
Stealth        | 3 |  3.0
Spellcasting   | 4 |  4.0
Summonings     | 2 |  2.1
Translocations | |  0.8
Air Magic      | |  0.2
Poison Magic   | |  0.6

Action                   |  1- 3 |  4- 6 || total
-------------------------+-------+-------++-------
Melee: Dagger            |    22 |    63 ||    85
 Cast: Magic Dart        |    58 |    64 ||   122
       Call Imp          |     1 |     4 ||     5
 Abil: Dig               |     4 |     4 ||     8
  Use: Scroll            |       |     4 ||     4
 Stab: Sleeping          |     3 |     4 ||     7
Armor: Robe              |     6 |     7 ||    13
Dodge: Dodged            |    22 |    43 ||    65

Table legend: (Time is in decaauts)
 A = Elapsed time spent in this place.
 B = Non-inter-level travel time spent in this place.
 C = Inter-level travel time spent in this place.
 D = Time resting spent in this place.
 E = Time spent auto-exploring this place.
 F = Levels seen in this place.
 G = Mean time per level.
                   A        B        C        D        E       F      G
               +--------+--------+--------+--------+--------+-----+--------+
         Total |   4136 |   4046 |     90 |   1391 |   1354 |   4 | 1034.0 |
       Dungeon |   4136 |   4046 |     90 |   1391 |   1354 |   4 | 1034.0 |
               +--------+--------+--------+--------+--------+-----+--------+

Top non-repeatable levels by time:
     D:2: 1468 daAuts
     D:1: 1396 daAuts
     D:3: 1030 daAuts
     D:4: 240 daAuts
